 Dungeon Crawl Stone Soup version 0.27-a0-77-gd04b7445b5 (webtiles) character file.

Game seed: 4686178236427094373

249 aost the Chopper (level 5, -4/42 HPs)
             Began as a Demonspawn Berserker on Jan 13, 2021.
             Was a Believer of Trog.
             Slain by a gnoll (5 damage)
             ... on level 4 of the Dungeon.
             The game lasted 00:10:55 (5411 turns).

aost the Chopper (Demonspawn Berserker)             Turns: 5411, Time: 00:10:55

Health: -4/42      AC:  8    Str: 18    XL:     5   Next: 87%
Magic:  5/5        EV:  8    Int:  8    God:    Trog [**....]
Gold:   152        SH:  0    Dex: 13    Spells: 4/4 levels left

rFire    . . .     SeeInvis .   a - +0 hand axe
rCold    . . .     Faith    .   (no shield)
rNeg     . . .     Spirit   .   p - +0 chain mail
rPois    .         Reflect  .   (helmet restricted)
rElec    .         Harm     .   (no cloak)
rCorr    .         Rampage  .   (no gloves)
Will     +....                  (no boots)
Stlth    ..........             (no amulet)
HPRegen  0.14/turn              i - ring of willpower
MPRegen  0.09/turn              l - ring of flight

@: about to teleport
A: antennae 1, foul stench 1, miasma immunity
a: Renounce Religion, Evoke Flight, Berserk, Trog's Hand


You were on level 4 of the Dungeon.
You worshipped Trog.
Trog was pleased with you.
You visited 1 branch of the dungeon, and saw 5 of its levels.

You collected 152 gold pieces.

Inventory:

Hand Weapons
 a - a +0 hand axe (weapon)
Armour
 b - a +0 animal skin
 p - a +0 chain mail (worn)
Jewellery
 i - a ring of willpower (left hand)
 l - a ring of flight (right hand)
Scrolls
 d - 2 scrolls of teleportation
 g - a scroll of magic mapping {unknown}
 j - a scroll of remove curse {unknown}
 n - a scroll of enchant weapon {unknown}
 r - a scroll of blinking {unknown}
 s - a scroll of fog {unknown}
Potions
 c - a potion of attraction
 f - a potion of magic {unknown}
 m - a potion of brilliance {unknown}
 o - 2 potions of curing {unknown}
 q - a potion of flight {unknown}


   Skills:
 + Level 4.1 Fighting
 + Level 4.6 Axes
 + Level 2.3 Armour
 + Level 2.5 Dodging
 + Level 0.6 Stealth


You had 4 spell levels left.
You didn't know any spells.
Your spell library was empty.

Dungeon Overview and Level Annotations

Branches:
Dungeon (5/15)
 Temple: D:4-7

Altars:
Ashenzari
Fedhas
Xom


Innate Abilities, Weirdness & Mutations

You have a pair of small antennae on your head.
You may emit foul miasma when damaged in melee.
You are immune to miasma.


Message History

The gnoll is severely wounded.
You hit the gnoll. You closely miss the gnoll. The gnoll barely misses you. x2
The gnoll hits you.
You hit the gnoll shaman but do no damage.
You hit the gnoll. x2; The gnoll hits you with a +0 spear.
* * * LOW HITPOINT WARNING * * *
The gnoll hits you.
* * * LOW HITPOINT WARNING * * *
As you read the scroll of teleportation, it crumbles to dust.
You feel strangely unstable.
The gnoll shaman hits you but does no damage.
The gnoll hits you but does no damage. The gnoll barely misses you.
Okay, then.
Okay, then.
You drop a scroll labelled MEQUSTR PUTYTZI.
The gnoll hits you with a +0 spear.
* * * LOW HITPOINT WARNING * * *
The gnoll looks sick.
The gnoll shaman completely misses you. The gnoll hits you.
You die...

#.####....(..#
#......##..###
#####..##g.#
#..##.g#
#..##.g#
#..##..#
#......#
#g####.###
#g@gggg..#
##########


You could see a gnoll shaman and 5 gnolls.

Vanquished Creatures
  A howler monkey (D:4)
  3 worker ants
  8 adders
  An ooze (D:2)
  2 worms (D:2)
  2 dart slugs (D:1)
  5 bats
  3 giant cockroaches
  7 goblins
  3 hobgoblins
  8 jackals
  9 kobolds
  A quokka (D:3)
  A frilled lizard (D:2)
  3 rats
57 creatures vanquished.

Notes
Turn   | Place    | Note
-------+----------+-------------------------------------------
     0 | D:1      | aost the Demonspawn Berserker began the quest for the Orb.
     0 | D:1      | Reached XP level 1. HP: 18/18 MP: 1/1
   455 | D:1      | Gained mutation: You are immune to miasma. [demonic
                  | ancestry]
   455 | D:1      | Reached XP level 2. HP: 19/24 MP: 2/2
  1355 | D:2      | Gained mutation: You have a pair of small antennae on your
                  | head. [demonic ancestry]
  1355 | D:2      | Reached XP level 3. HP: 29/29 MP: 3/3
  2134 | D:2      | Gained mutation: You may emit foul miasma when damaged in
                  | melee. [demonic ancestry]
  2134 | D:2      | Reached XP level 4. HP: 36/36 MP: 4/4
  3640 | D:3      | Reached XP level 5. HP: 11/42 MP: 5/5
  4245 | D:3      | Reached ** piety under Trog
  4356 | D:3      | Found a broken altar of Ashenzari.
  4358 | D:3      | Found a shimmering altar of Xom.
  4360 | D:3      | Found a blossoming altar of Fedhas.
  5030 | D:4      | You fall into a shaft and drop 1 floor!
  5030 | D:5      | Entered Level 5 of the Dungeon
  5411 | D:4      | HP: 1/42 [gnoll/+0 spear (4)]
  5411 | D:4      | Slain by a gnoll

Illustrated notes

Levels and vault maps discovered:
D:1:      matt_arrival_spirals, layout_basic
D:2:      minmay_chambers_of_twos, layout_basic, nicolae_underground_beach
D:3:      layout_basic, grunt_temple_overflow_open
D:4:      gammafunk_steamed_eel, layout_basic
D:5:      layout_gridville, temple_green

Skill      XL: |  1  2  3  4  5 |
---------------+----------------+-----
Axes           | 3 4 |  4.6
Dodging        | 2 |  2.5
Armour         | 2 |  2.3
Fighting       | 4 |  4.1
Stealth        | |  0.6

Action                   |  1- 3 |  4- 6 || total
-------------------------+-------+-------++-------
Melee: Hand axe          |    85 |   169 ||   254
  Use: Scroll            |     1 |     3 ||     4
       Potion            |       |     3 ||     3
 Stab: Sleeping          |     1 |       ||     1
Armor: Animal skin       |    11 |    16 ||    27
       Chain mail        |       |    47 ||    47
Dodge: Dodged            |    50 |   148 ||   198

Table legend: (Time is in decaauts)
 A = Elapsed time spent in this place.
 B = Non-inter-level travel time spent in this place.
 C = Inter-level travel time spent in this place.
 D = Time resting spent in this place.
 E = Time spent auto-exploring this place.
 F = Levels seen in this place.
 G = Mean time per level.
                   A        B        C        D        E       F      G
               +--------+--------+--------+--------+--------+-----+--------+
         Total |   5448 |   5418 |     30 |   2417 |   2249 |   5 | 1089.6 |
       Dungeon |   5448 |   5418 |     30 |   2417 |   2249 |   5 | 1089.6 |
               +--------+--------+--------+--------+--------+-----+--------+

Top non-repeatable levels by time:
     D:2: 1958 daAuts
     D:1: 1345 daAuts
     D:3: 1210 daAuts
     D:4: 907 daAuts
     D:5: 25 daAuts
